 Dungeon Crawl Stone Soup version 0.23.2-1-ga50397a (webtiles) character file.

Game seed: 12024141651477598956

121 Fang the Skirmisher (level 5, -6/49 HPs)
             Began as a Gargoyle Berserker on May 1, 2019.
             Was a Believer of Trog.
             Mangled by an orc warrior
             ... wielding a +0 dire flail
              (8 damage)
             ... on level 3 of the Dungeon.
             The game lasted 00:02:44 (1923 turns).

Fang the Skirmisher (Gargoyle Berserker)            Turns: 1923, Time: 00:02:44

Health: -6/49      AC: 10    Str: 27    XL:     5   Next: 5%
Magic:  5/5        EV: 12    Int:  7    God:    Trog [**....]
Gold:   162        SH:  0    Dex:  9    Spells: 4/4 levels left

rFire    . . .     SeeInvis .   a - +0 hand axe
rCold    . . .     Gourm    .   (no shield)
rNeg     + . .     Faith    .   b - +0 animal skin
rPois    ∞         Spirit   .   (no helmet)
rElec    +         Reflect  .   (no cloak)
rCorr    +         Harm     .   (no gloves)
MR       .....                  (no boots)
Stlth    ..........             (no amulet)
HPRegen  0.16/turn              e - ring of resist corrosion
MPRegen  0.09/turn              h - +4 ring of protection

@: berserking, very quick
A: negative energy resistance 1, electricity resistance, unbreathing,
petrification resistance, rot immunity, AC +4
a: Berserk, Trog's Hand, Renounce Religion


You were on level 3 of the Dungeon.
You worshipped Trog.
Trog was pleased with you.
You were hungry.

You visited 1 branch of the dungeon, and saw 3 of its levels.

You collected 162 gold pieces.

Inventory:

Hand Weapons
 a - a +0 hand axe (weapon)
Armour
 b - a +0 animal skin (worn)
Jewellery
 e - a ring of resist corrosion (left hand)
 h - a +4 ring of protection (right hand)
 o - an uncursed ring of magical power {unknown}
Scrolls
 d - 2 scrolls of identify {unknown}
 i - a scroll of blinking {unknown}
 k - 2 scrolls of immolation {unknown}
 l - a scroll of teleportation {unknown}
 n - a scroll of enchant weapon {unknown}
 p - a scroll of magic mapping {unknown}
Potions
 f - a potion of curing {unknown}
 j - a potion of ambrosia {unknown}
 m - a potion of berserk rage {unknown}
 q - a potion of might {unknown}
Comestibles
 c - 6 rations
 g - 6 chunks of flesh


   Skills:
 + Level 4.2 Fighting
 + Level 3.4 Axes
 + Level 3.3 Armour
 + Level 2.4 Dodging


You had 4 spell levels left.
You didn't know any spells.
Your spell library was empty.

Dungeon Overview and Level Annotations

Branches:
Dungeon (3/15)

Altars:
Hepliaklqana


Innate Abilities, Weirdness & Mutations

You are resistant to torment.
Your stone body is resilient. (AC +4)
You are immune to poison.
You resist negative energy. (rN+)
You are resistant to electric shocks. (rElec)
You can survive without breathing.
You are immune to petrification.
You are immune to rotting.


Message History

The orc priest closely misses you.
You closely miss the orc warrior.
The orc warrior is severely wounded.
The orc warrior closely misses you.
You closely miss the orc warrior.
The orc warrior is severely wounded.
The orc priest calls upon Beogh to heal the orc warrior.
The orc warrior is healed somewhat.
The orc warrior barely misses you.
You hit the orc warrior.
The orc warrior is heavily wounded.
The orc priest completely misses you.
The orc warrior hits you with a +0 dire flail!
* * * LOW HITPOINT WARNING * * *
You slash the orc warrior!
The orc warrior is almost dead.
You completely miss the orc warrior.
The orc warrior is almost dead.
The orc priest misses you.
The orc warrior hits you with a +0 dire flail!
You die...

.....
#.......#
#.##.
###(..### #
#...# ##.##
#.# ## #.# $.
#.#
#.##.#####.#
#...oo@....#
...##.#######
#


You could see an orc warrior and an orc priest.

Vanquished Creatures
  A worker ant (D:2)
  3 adders
  2 worms (D:2)
  A dart slug (D:1)
  2 leopard geckos
  An orc (D:3)
  7 bats
  4 giant cockroaches
  7 goblins
  9 hobgoblins
  4 jackals (D:1)
  6 kobolds
  A ball python (D:1)
  3 frilled lizards
  5 rats
56 creatures vanquished.

Notes
Turn   | Place    | Note
-------+----------+-------------------------------------------
     0 | D:1      | Fang the Gargoyle Berserker began the quest for the Orb.
     0 | D:1      | Reached XP level 1. HP: 14/14 MP: 1/1
   100 | D:1      | Reached XP level 2. HP: 17/19 MP: 2/2
   357 | D:1      | Reached XP level 3. HP: 14/24 MP: 3/3
   994 | D:1      | Reached ** piety under Trog
  1257 | D:2      | Reached XP level 4. HP: 28/29 MP: 4/4
  1301 | D:2      | Found a hazy altar of Hepliaklqana.
  1422 | D:2      | Reached skill level 4 in Fighting
  1867 | D:3      | Reached XP level 5. HP: 33/33 MP: 5/5
  1908 | D:3      | Noticed an orc warrior
  1921 | D:3      | HP: 2/49 [orc warrior/+0 dire flail (8)]
  1923 | D:3      | Mangled by an orc warrior

Skill      XL: |  1  2  3  4 |
---------------+-------------+-----
Axes           | 3 |  3.4
Dodging        | 2 |  2.4
Armour         | 3 |  3.3
Fighting       | 4 |  4.2

Action                   |  1- 3 |  4- 6 || total
-------------------------+-------+-------++-------
Melee: Hand axe          |   105 |   100 ||   205
Invok: Berserk           |     1 |     1 ||     2
  Eat: Chunk             |     2 |     2 ||     4
Armor: Animal skin       |    40 |    45 ||    85
Dodge: Dodged            |    91 |    65 ||   156
